 Dungeon Crawl Stone Soup version 0.27.1 (webtiles) character file.

Game seed: 4122259991214240496

77 Renzlar the Shield-Bearer (level 4, 0/61 HPs)
             Began as a Gnoll Fighter on Aug 28, 2021.
             Succumbed to an adder's poison
             ... on level 3 of the Dungeon.
             The game lasted 00:05:27 (1655 turns).

Renzlar the Shield-Bearer (Gnoll Fighter)           Turns: 1655, Time: 00:05:28

Health: 0/61       AC: 22    Str: 16    XL:     4   Next: 33%
Magic:  5/5        EV:  2    Int:  7    God:
Gold:   46         SH: 10    Dex: 12    Spells: 5/5 levels left

rFire    . . .     SeeInvis .   a - +1 war axe
rCold    . . .     Faith    .   h - +0 kite shield
rNeg     + + +     Spirit   .   (armour currently unavailable)
rPois    +         Reflect  .   (helmet currently unavailable)
rElec    .         Harm     .   (cloak currently unavailable)
rCorr    .         Rampage  .   (gloves currently unavailable)
Will     .....     NoTele   +   (boots currently unavailable)
Stlth    ++........             (no amulet)
HPRegen  0.20/turn              (no ring)
MPRegen  0.09/turn              (no ring)

@: lethally poisoned (0 -> -4), tree-form, attractive
A: stationary, stasis, torment immunity, boosted hp, (fangs 1), strong nose,
distributed training
a: no special abilities


You were on level 3 of the Dungeon.
You were a tree.
You visited 1 branch of the dungeon, and saw 3 of its levels.

You collected 46 gold pieces.

Inventory:

Hand Weapons
 a - a +1 war axe (weapon)
 c - a +0 hunting sling
 f - a +2 dagger of speed
Missiles
 e - 38 sling bullets
 g - 38 stones (quivered)
 k - 49 bolts
Armour
 b - a +0 scale mail
 h - a +0 kite shield (worn)
 n - a +0 chain mail (melded)
Scrolls
 m - a scroll of enchant weapon
Potions
 d - a potion of might
 l - a potion of haste


   Skills:
 + Level 6.6 Fighting
 + Level 1.1 Short Blades
 + Level 1.1 Long Blades
 + Level 4.6 Axes
 + Level 1.1 Maces & Flails
 + Level 1.1 Polearms
 + Level 1.1 Staves
 + Level 1.1 Slings
 + Level 1.1 Bows
 + Level 1.1 Crossbows
 + Level 1.1 Throwing
 + Level 6.6 Armour
 + Level 1.1 Dodging
 + Level 1.1 Stealth
 + Level 6.6 Shields
 + Level 1.1 Unarmed Combat
 + Level 1.1 Spellcasting
 + Level 0.8 Conjurations
 + Level 0.8 Hexes
 + Level 0.8 Summonings
 + Level 0.8 Necromancy
 + Level 0.8 Translocations
 + Level 0.8 Transmutations
 + Level 0.8 Fire Magic
 + Level 0.8 Ice Magic
 + Level 0.8 Air Magic
 + Level 0.8 Earth Magic
 + Level 0.8 Poison Magic
 + Level 1.2 Invocations
 + Level 1.1 Evocations


You had 5 spell levels left.
You didn't know any spells.
Your spell library contained the following spells:

 Spells                   Type           Power      Damage    Failure   Level
 Beastly Appendage        Tmut           2%         N/A       65%         1
 Wereblood                Tmut           1%         N/A       78%         2
 Spider Form              Tmut/Pois      0%         N/A       95%         3


Dungeon Overview and Level Annotations

Branches:
Dungeon (3/15)

Altars:
Wu Jian

Shops:
D:2 ?


Innate Abilities, Weirdness & Mutations

You are a tree.
Your roots penetrate the ground, keeping you stationary.
You cannot be teleported.
You are immune to unholy pain and torment.
Your maximum health is greatly increased.
Your equipment is partially melded.
((You have very sharp teeth.))
Your uncanny sense of smell can sniff out nearby items.
Your experience applies equally to all skills.


Message History

You feel very sick. You block the adder's attack. x2
You closely miss the adder.
The adder is lightly wounded.
You feel sick. You block the adder's attack. The adder bites you.
You are more poisoned.
The adder poisons you!
You miss the adder.
The adder is lightly wounded.
You feel very sick. You block the adder's attack. The adder bites you.
* * * LOW HITPOINT WARNING * * *
You are lethally poisoned!
The adder poisons you!
You closely miss the adder.
The adder is lightly wounded.
* * * LOW HITPOINT WARNING * * *
You feel very sick. The adder bites you but does no damage.
You block the adder's attack.
Unknown command.
It was a potion of attraction.
You feel attractive to monsters.
* * * LOW HITPOINT WARNING * * *
You feel sick. The adder bites you.
* * * LOW HITPOINT WARNING * * *
It was a potion of flight.
You feel very buoyant.
You fly up into the air.
* * * LOW HITPOINT WARNING * * *
You feel sick. You block the adder's attack.
Really quaff the potion of lignification?
You turn into a tree.
Your +0 chain mail melds into your body.
Your roots penetrate the ground.
* * * LOW HITPOINT WARNING * * *
You feel sick.
The adder bites you but does no damage. x2
Unknown command.
You slash the adder!
You kill the adder!
You die...

####### #.....#
######.....#
#..........#
#.###......#
###'###+###'###
#..#.......#..#
#..#.......#..#
+..♣###+###'..+
#..#†+...+.#..#
#..#.#...#.#..#
+##+(#._.#.'##+
.#...#.#..#
.+...'.#..#
###+###'..+
.......#..#
.......#..#


There were no monsters in sight!

Vanquished Creatures
  Terence (D:2)
  2 adders
  An ufetubus (D:3)
  5 ball pythons
  2 endoplasms
  A giant cockroach (D:1)
  3 goblins (D:1)
  6 hobgoblins
  5 kobolds
  A quokka (D:2)
  4 bats
  3 frilled lizards (D:1)
  3 rats (D:1)
37 creatures vanquished.

Notes
Turn   | Place    | Note
-------+----------+-------------------------------------------
     0 | D:1      | Renzlar the Gnoll Fighter began the quest for the Orb.
     0 | D:1      | Reached XP level 1. HP: 23/23 MP: 1/1
    71 | D:1      | Reached XP level 2. HP: 29/29 MP: 2/2
   534 | D:1      | Reached XP level 3. HP: 35/35 MP: 3/3
   715 | D:2      | Found Mejewiot's Magic Scroll Shop.
   787 | D:2      | Reached skill level 1 in Invocations
   809 | D:2      | Found an ornate altar of the Wu Jian Council.
   892 | D:2      | Noticed Terence
   914 | D:2      | Killed Terence
   915 | D:2      | Reached skill level 1 in Short Blades
   915 | D:2      | Reached skill level 1 in Long Blades
   915 | D:2      | Reached skill level 1 in Maces & Flails
   915 | D:2      | Reached skill level 1 in Polearms
   915 | D:2      | Reached skill level 1 in Staves
   915 | D:2      | Reached skill level 1 in Slings
   915 | D:2      | Reached skill level 1 in Bows
   915 | D:2      | Reached skill level 1 in Crossbows
   915 | D:2      | Reached skill level 1 in Throwing
   915 | D:2      | Reached skill level 1 in Dodging
   915 | D:2      | Reached skill level 1 in Stealth
   915 | D:2      | Reached skill level 1 in Unarmed Combat
   915 | D:2      | Reached skill level 1 in Spellcasting
   915 | D:2      | Reached skill level 1 in Evocations
   915 | D:2      | Reached XP level 4. HP: 25/41 MP: 5/5
  1382 | D:3      | Found a faded altar of an unknown god.
  1610 | D:3      | Found an ornate altar of the Wu Jian Council.
  1652 | D:3      | HP: 2/41 [adder (2)]
  1655 | D:3      | Succumbed to an adder's poison

Illustrated notes

Levels and vault maps discovered:
D:1:      dpeg_arrival_round_a, layout_basic
D:2:      layout_loops_cross, serial_shops, shop_fountains, basic_altar,
          uniq_terence
D:3:      layout_basic, mainiacjoe_overflow_24_doors,
          hellmonk_ecumenical_altar_pennies_from_heaven

Skill      XL: |  1  2  3 |
---------------+----------+-----
Invocations    | 1 |  1.2
Short Blades   | 1 |  1.1
Long Blades    | 1 |  1.1
Maces & Flails | 1 |  1.1
Polearms       | 1 |  1.1
Staves         | 1 |  1.1
Slings         | 1 |  1.1
Bows           | 1 |  1.1
Crossbows      | 1 |  1.1
Throwing       | 1 |  1.1
Dodging        | 1 |  1.1
Stealth        | 1 |  1.1
Unarmed Combat | 1 |  1.1
Spellcasting   | 1 |  1.1
Evocations     | 1 |  1.1
Fighting       | |  6.6
Axes           | |  4.6
Armour         | |  6.6
Shields        | |  6.6
Conjurations   | |  0.8
Hexes          | |  0.8
Summonings     | |  0.8
Necromancy     | |  0.8
Translocations | |  0.8
Transmutations | |  0.8
Fire Magic     | |  0.8
Ice Magic      | |  0.8
Air Magic      | |  0.8
Earth Magic    | |  0.8
Poison Magic   | |  0.8

Action                   |  1- 3 |  4- 6 || total
-------------------------+-------+-------++-------
Melee: War axe           |    46 |    35 ||    81
       Bite              |     3 |       ||     3
 Fire: Hunting sling     |    25 |    11 ||    36
  Use: Scroll            |     1 |     4 ||     5
       Potion            |       |     3 ||     3
Armor: Scale mail        |    11 |       ||    11
       Chain mail        |       |    35 ||    35
       Skin              |       |     2 ||     2
Dodge: Dodged            |    11 |    12 ||    23
Block: Kite shield       |    22 |    38 ||    60
